 Dungeon Crawl Stone Soup version 0.27.1-4-g1640c2035a (webtiles) character file.

Game seed: 1471994442064130460

18 zeram the Caller (level 2, -10/19 HPs)
             Began as a Merfolk Summoner on Nov 12, 2021.
             Mangled by an iguana (13 damage)
             ... on level 2 of the Dungeon.
             The game lasted 00:02:19 (2186 turns).

zeram the Caller (Merfolk Summoner)                 Turns: 2186, Time: 00:02:19

Health: -10/19     AC:  2    Str:  8    XL:     2   Next: 66%
Magic:  2/5        EV: 12    Int: 14    God:
Gold:   17         SH:  0    Dex: 14    Spells: 2/5 levels left

rFire    . . .     SeeInvis .   c - +0 club
rCold    . . .     Faith    .   (no shield)
rNeg     . . .     Spirit   .   a - +0 robe
rPois    .         Reflect  .   (no helmet)
rElec    .         Harm     .   (no cloak)
rCorr    .         Rampage  .   (no gloves)
Will     .....                  (no boots)
Stlth    ++........             (no amulet)
HPRegen  0.06/turn              (no ring)
MPRegen  0.09/turn              (no ring)

@: no status effects
A: (nimble swimmer 2), mertail
a: no special abilities


You were on level 2 of the Dungeon.
You visited 1 branch of the dungeon, and saw 2 of its levels.

You collected 17 gold pieces.

Inventory:

Hand Weapons
 c - a +0 club (weapon)
Armour
 a - a +0 robe (worn)
Jewellery
 l - a +6 ring of intelligence
Scrolls
 d - a scroll of enchant armour {unknown}
 k - a scroll of identify {unknown}
 m - a scroll of fear {unknown}
Potions
 b - a potion of curing {unknown}
 e - a potion of degeneration {unknown}
 f - a potion of heal wounds {unknown}
 g - 3 potions of might {unknown}
 h - a potion of ambrosia {unknown}
 i - a potion of cancellation {unknown}
 j - a potion of mutation {unknown}


   Skills:
 + Level 2.8 Dodging
 - Level 2.1 Stealth
 - Level 2.0 Spellcasting
 + Level 4.6 Summonings


You had 2 spell levels left.
You knew the following spells:

 Your Spells              Type           Power      Damage    Failure   Level
a - Summon Small Mammal   Summ           56%        N/A       3%          1
b - Call Imp              Summ           14%        N/A       5%          2

Your spell library contained the following spells:

 Spells                   Type           Power      Damage    Failure   Level
 Call Canine Familiar     Summ           14%        N/A       11%         3
 Summon Guardian Golem    Hex/Summ       7%         N/A       26%         3
 Summon Lightning Spire   Summ/Air       7%         N/A       65%         4


Dungeon Overview and Level Annotations

Branches:
Dungeon (2/15)

Altars:


Innate Abilities, Weirdness & Mutations

((You are quick and stealthy near water. (Stealth+, EV+, Speed+++)))
Your lower body shifts to a powerful aquatic tail in water.


Message History

The iguana bites your quokka!
Your quokka dies!
Your quokka's corpse disappears in a puff of smoke!
Casting: Summon Small Mammal (safe; 3% risk of failure)
Confirm with . or Enter, or press ? or * to list all spells.
You don't have enough magic to cast this spell.
Casting: Summon Small Mammal (safe; 3% risk of failure)
Confirm with . or Enter, or press ? or * to list all spells.
The iguana misses your bat.
Your bat barely misses the iguana.
Your bat closely misses the iguana.
What are your orders? t - Shout!
Orders for allies: a - Attack new target. p - Attack previous target. r - Retreat! s - Stop attacking. g - Guard the area. f - Follow me.
Anything else - Cancel.
Gang up on whom?
Press: ? - help, Dir - move target, f/p - iguana
Aim: an iguana (ally target) Attack!
Your bat hits the iguana but does no damage.
The iguana bites your bat.
Your bat dies!
Your bat's corpse disappears in a puff of smoke!
You hit the iguana.
The iguana is lightly wounded.
The iguana bites you but does no damage.
You barely miss the iguana.
The iguana is lightly wounded.
The iguana bites you. The iguana bites you!
Ouch! That really hurt!
You are too injured to fight recklessly!
You are too injured to fight recklessly!
The iguana bites you.
* * * LOW HITPOINT WARNING * * *
There is a stone staircase leading up here.
The iguana bites you!
Ouch! That really hurt!
You die...

#.# #.# #.#
##.##
#######...#
#...g...#.#
#g#####...#
#l## #####
#.@# ##.#
#.# #.# #.#
#.# #.# ..#
#.# #.# #.#


You could see an iguana and a hobgoblin.

Vanquished Creatures
  2 endoplasms (D:1)
  A giant cockroach (D:2)
  2 goblins
  A jackal (D:1)
  A bat (D:1)
  A kobold (D:1)
  4 rats
12 creatures vanquished.

Vanquished Creatures (collateral kills)
  2 ball pythons (D:2)
  2 goblins
  2 hobgoblins (D:1)
  2 jackals (D:1)
8 creatures vanquished.

Vanquished Creatures (others)
  10 plants (D:2)
10 creatures vanquished.

Grand Total: 30 creatures vanquished

Notes
Turn   | Place    | Note
-------+----------+-------------------------------------------
     0 | D:1      | zeram the Merfolk Summoner began the quest for the Orb.
     0 | D:1      | Reached XP level 1. HP: 13/13 MP: 3/3
   688 | D:1      | Reached XP level 2. HP: 14/19 MP: 3/5
   691 | D:1      | Learned a level 2 spell: Call Imp
  1044 | D:1      | Found a faded altar of an unknown god.
  2186 | D:2      | Mangled by an iguana

Illustrated notes

Levels and vault maps discovered:
D:1:      saegor_arrival_simple_a, layout_basic,
          shapermc_ecumenical_altar_hornbeckon, grunt_decor_fettered
D:2:      wad_lake_hut, layout_loops_ring

Action                   || total
-------------------------++-------
Melee: Club              ||    70
       Unarmed           ||     3
 Cast: Summon Small Mamm ||    15
       Call Imp          ||     6
 Stab: Sleeping          ||     2
Armor: Robe              ||    14
Dodge: Dodged            ||    61
